 Dungeon Crawl Stone Soup version 0.31-a0-202-g547052bce9 (webtiles) character file.

Game seed: 13530715607724683702

78 Monkooky the Ducker (level 4, 0/33 HPs)
             Began as a Merfolk Brigand on June 26, 2023.
             Slain by a gnoll
             ... wielding a +0 club
              (7 damage)
             ... on level 1 of the Dungeon.
             The game lasted 00:02:56 (1491 turns).

Monkooky the Ducker (Merfolk Brigand)               Turns: 1491, Time: 00:02:56

Health: 0/33       AC:  3    Str: 11    XL:     4   Next: 36%
Magic:  4/4        EV: 14    Int: 10    God:
Gold:   67         SH:  0    Dex: 17    Spells: 3/3 levels left

rFire   . . .        a - +2 dagger
rCold   . . .        (no shield)
rNeg    + . .        b - +0 robe
rPois   .            (no helmet)
rElec   .            c - +0 cloak
rCorr   .            (no gloves)
SInv    .            (no boots)
Will    .....        (no amulet)
Stlth   +++          n - ring of positive energy
HPRegen 0.25/turn    (no ring)
MPRegen 0.09/turn

%: no passive effects
@: no status effects
A: (nimble swimmer 2), mertail
a: no special abilities


You were on level 1 of the Dungeon.
You visited 1 branch of the dungeon, and saw 2 of its levels.

You collected 67 gold pieces.

Inventory:

Hand Weapons
 a - a +2 dagger (weapon)
 h - a +0 vampiric short sword
Missiles
 d - 2 poisoned darts (quivered)
 e - a curare-tipped dart
Armour
 b - a +0 robe (worn)
 c - a +0 cloak (worn)
Jewellery
 n - a ring of positive energy (left hand)
Scrolls
 g - 2 scrolls of teleportation {unknown}
 i - 2 scrolls of noise {unknown}
 j - a scroll of enchant armour {unknown}
 l - 2 scrolls of identify {unknown}
 p - a scroll of fear {unknown}
Potions
 f - a potion of enlightenment {unknown}
 k - 2 potions of brilliance {unknown}
 m - a potion of curing {unknown}
 o - a potion of mutation {unknown}


   Skills:
 - Level 2.1 Fighting
 - Level 2.4 Short Blades
 + Level 3.0 Throwing
 - Level 4.5 Dodging
 - Level 4.3 Stealth


You had 3 spell levels left.
You didn't know any spells.
Your spell library contained the following spells:

 Spells                   Type           Power      Damage    Failure   Level
 Tukima's Dance           Hex            0%         N/A       75%         3
 Passage of Golubria      Tloc           0%         N/A       98%         4
 Yara's Violent Unravell  Hex/Tmut       0%         3d3       100%        5


Dungeon Overview and Level Annotations

Branches:
Dungeon (2/15)

Altars:

Annotations:
D:1 exclusion: downstairs


Innate Abilities, Weirdness & Mutations

((You are very nimble when in or above water. (Stealth+, EV+, Speed+++)))
Your lower body shifts to a powerful aquatic tail in water.


Message History

d - a poisoned dart You see here a poisoned dart.
d - 2 poisoned darts (gained 1)
The gnoll attacks as you move away! The gnoll completely misses you.
The gnoll attacks as you move away! The gnoll completely misses you.
The gnoll attacks as you move away! The gnoll barely misses you.
The gnoll attacks as you move away! The gnoll barely misses you.
The gnoll attacks as you move away! The gnoll barely misses you.
The gnoll attacks as you move away! The gnoll hits you with a +0 club!
The gnoll attacks as you move away! The gnoll closely misses you.
Found a sapphire potion.
The gnoll attacks as you move away! The gnoll hits you with a +0 club.
The gnoll attacks as you move away! The gnoll misses you.
The gnoll attacks as you move away! The gnoll hits you but does no damage.
There is a stone staircase leading up, spattered with blood here.
Things that are here:
a +0 dagger; a quokka skeleton The gnoll hits you with a +0 club!
You climb upwards.
Level annotation: exclusion: downstairs
There is a stone staircase leading down here.
You completely miss the gnoll. The gnoll barely misses you.
Throw: 2 darts (curare)
Press: ? - help, Shift-Dir - straight line, f - gnoll
Aim: a gnoll, wielding a +0 club (65% to hit)
You throw a curare-tipped dart. The curare-tipped dart hits the gnoll.
The gnoll is poisoned.
The gnoll convulses.
The gnoll seems to slow down.
The gnoll is moderately wounded.
The gnoll hits you with a +0 club.
You barely miss the gnoll.
The gnoll is moderately wounded.
The gnoll hits you with a +0 club!
* * * LOW HITPOINT WARNING * * *
You completely miss the gnoll.
The gnoll is moderately wounded.
You hit the gnoll.
The gnoll is heavily wounded.
The gnoll hits you with a +0 club!
You die...

######## #......# #......#
#......########
#.............. ######
#......######## #....#
#.######
######....####.#....#
#..........@...+....######
#..........g.###.........#
##.....###....# #.†.......#
###.............# #.........#
#........##.....###+##......#
#.#...#####.##..............#
#.#.........##..............#
#.###........#.##.....#######
#.# #..[.....#.##.....##


You could see a gnoll (very poisoned, slow).

Vanquished Creatures
  2 gnolls
  An adder (D:1)
  8 endoplasms
  3 giant cockroaches (D:1)
  7 goblins
  6 hobgoblins
  5 quokkas
  2 ball pythons
  A bat (D:1)
  A frilled lizard (D:1)
  2 kobolds (D:1)
  3 rats
41 creatures vanquished.

Notes
Turn   | Place    | Note
-------+----------+-------------------------------------------
     0 | D:1      | Monkooky the Merfolk Brigand began the quest for the Orb.
     0 | D:1      | Reached XP level 1. HP: 16/16 MP: 1/1
   165 | D:1      | Reached XP level 2. HP: 22/22 MP: 2/2
   404 | D:1      | Reached XP level 3. HP: 24/27 MP: 3/3
  1008 | D:2      | Reached XP level 4. HP: 33/33 MP: 4/4
  1491 | D:1      | Slain by a gnoll

Illustrated notes

Levels and vault maps discovered:
D:1:      nagdon_arrival_double_spiral, layout_basic
D:2:      layout_loops_ring

Skill      XL: |  1  2  3  4 |
---------------+-------------+-----
Dodging        | 2 3 4 |  4.5
Throwing       | 3 |  3.0
Fighting       | |  2.1
Short Blades   | |  2.4
Stealth        | |  4.3

Action                     |  1- 3 |  4- 6 || total
---------------------------+-------+-------++-------
  Melee: Dagger            |    88 |    34 ||   122
  Throw: Dart              |     7 |     6 ||    13
   Stab: Sleeping          |     6 |     1 ||     7
         Distracted        |       |     1 ||     1
 Armour: Robe              |    25 |     5 ||    30
  Dodge: Dodged            |    55 |    29 ||    84

Table legend: (Time is in decaauts)
 A = Elapsed time spent in this place.
 B = Non-inter-level travel time spent in this place.
 C = Inter-level travel time spent in this place.
 D = Time resting spent in this place.
 E = Time spent auto-exploring this place.
 F = Levels seen in this place.
 G = Mean time per level.
                   A        B        C        D        E       F      G
               +--------+--------+--------+--------+--------+-----+--------+
         Total |   1451 |   1386 |     65 |    128 |    889 |   2 |  725.5 |
       Dungeon |   1451 |   1386 |     65 |    128 |    889 |   2 |  725.5 |
               +--------+--------+--------+--------+--------+-----+--------+

Top non-repeatable levels by time:
     D:1: 1113 daAuts
     D:2: 337 daAuts
